Map: Galactic Process LE

Players

MidnightBlue

  • Race: Terran Terran
  • League: Gold

Nickos - Winner!

  • Race: Terran Terran
  • League: Gold

VOD

Have the link to the VOD?

Description

Time

  • Played on: Sept. 2, 2016, 5:20 a.m.
  • Length: 11:56
Show
View Real Time Build Order
Export as new Build Order

MidnightBlue Terran 

Build Orders: 1/1/1 

Get SALT Encoding   

  12  0:02  SCV  
  13  0:14  SCV  
  14  0:25  Supply Depot  
  14  0:27  Refinery  
  14  0:28  SCV  
  15  0:49  Barracks  
  15  0:52  SCV  
  15  0:56  Refinery  
  16  1:04  SCV  
  17  1:16  SCV  
  18  1:29  SCV  
  19  1:38  Supply Depot, Marine  
  20  1:41  Factory  
  20  1:54  SCV  
  20  1:55  Marine  
  22  2:13  Marine  
  23  2:26  Factory Tech Lab  
  23  2:29  Starport  
  23  2:31  SCV  
  23  2:34  Marine  
  25  2:45  Siege Tank  
  28  2:52  Supply Depot  
  28  2:53  Barracks Reactor  
  28  3:07  Medivac  
  28  3:10  SCV  
  31  3:19  Supply Depot  
  31  3:25  Siege Tank  
  34  3:29  Marine x2  
  36  3:37  Medivac  
  38  3:47  Marine x2  
  40  3:51  Orbital Command  
  40  4:09  Starport Reactor  
  40  4:18  Barracks  
  40  4:23  Engineering Bay  
  40  4:28  Supply Depot  
  40  4:49  Siege Tank  
  40  4:51  Marine x2  
  45  5:06  Supply Depot  
  45  5:07  Barracks Tech Lab  
  45  5:09  Marine x2  
  47  5:27  Marauder, Marine x2  
  51  5:45  Marine x2  
  50  6:37  Medivac x2  
  54  6:42  Concussive Shells  
  54  6:45  Siege Tank  
  59  6:47  Marauder  
  59  6:48  Marine x2  
  61  7:02  Terran Infantry Weapons Level 1  
  61  7:06  Marine x2  
  63  7:30  Marauder, Siege Tank, Marine x2  
  63  7:31  Supply Depot  
  70  7:43  Sensor Tower  
  70  7:47  Marine  
  71  7:52  Marine  
  71  7:53  Medivac x2, Marauder  
  78  8:57  Marine  
  79  9:03  Marine  
  79  9:04  Siege Tank, Marauder  
  85  9:11  Supply Depot  
  85  9:13  Supply Depot  
  85  9:14  Marine  
  86  9:21  Marine  
  79  9:25  Marauder  
  81  9:32  Marine  
  81  9:36  Siege Tank  
  72  9:39  Marine  
  44  10:10  Marine x2, Marauder  
  48  10:19  Medivac  
  48  10:20  Medivac  
  52  10:28  Marine x2  
  53  10:31  Marauder  
  53  10:34  Siege Tank  
  59  10:46  Marine x2  
  61  10:52  Marauder  
  63  11:03  Marine  
  63  11:04  Marine  
  55  11:06  Siege Tank  
  50  11:14  Marauder  
  47  11:21  Marine  
  48  11:26  Marine  
  49  11:35  Marine  
Show
View Real Time Build Order
Export as new Build Order

Nickos Terran - Winner!

Build Orders:  

Get SALT Encoding   

  12  0:01  SCV  
  13  0:13  SCV  
  14  0:17  Supply Depot  
  14  0:25  SCV  
  15  0:39  SCV  
  15  0:42  Barracks  
  16  0:51  SCV  
  17  1:03  SCV  
  18  1:15  SCV  
  19  1:23  Command Center  
  19  1:32  Orbital Command  
  19  1:35  Marine  
  20  1:53  Marine  
  21  1:55  Supply Depot  
  21  1:57  Barracks  
  21  2:06  SCV  
  22  2:11  Marine  
  23  2:20  SCV  
  23  2:25  Barracks  
  23  2:28  Marine  
  24  2:30  Refinery  
  24  2:31  Refinery  
  24  2:32  SCV  
  25  2:40  Orbital Command  
  25  2:46  Bunker, Marine  
  25  2:48  SCV  
  25  2:50  Marine  
  28  3:00  SCV  
  29  3:09  SCV  
  29  3:12  SCV, Marine x2  
  33  3:13  Barracks Tech Lab  
  33  3:21  SCV  
  33  3:24  SCV  
  35  3:30  Supply Depot  
  35  3:33  SCV  
  36  3:34  Stimpack  
  36  3:36  Barracks Reactor  
  36  3:37  SCV  
  37  3:45  SCV  
  38  3:49  SCV  
  38  3:53  Barracks Reactor, Marauder  
  41  3:57  SCV  
  41  3:58  Supply Depot  
  41  4:01  SCV  
  43  4:09  SCV  
  44  4:13  SCV  
  44  4:16  Engineering Bay  
  45  4:18  Refinery, Engineering Bay  
  45  4:20  Marine x3  
  45  4:21  SCV  
  49  4:26  SCV  
  50  4:33  SCV, Marine  
  50  4:34  Marine  
  50  4:35  Supply Depot  
  50  4:38  Marine, SCV  
  54  4:43  Terran Infantry Weapons Level 1  
  54  4:44  Terran Infantry Armor Level 1  
  55  4:45  SCV  
  55  4:46  Marauder  
  55  4:47  Marine  
  55  4:51  Marine  
  60  4:53  SCV  
  60  4:54  Marine  
  60  4:57  Marine  
  60  4:58  SCV  
  64  5:02  Supply Depot  
  64  5:03  Supply Depot  
  64  5:04  Marine  
  64  5:05  SCV  
  66  5:08  Marine  
  66  5:09  Marine  
  66  5:12  Marine  
  69  5:15  Marine  
  70  5:23  Marine  
  70  5:25  Command Center, SCV x2  
  70  5:26  Factory, Marine  
  70  5:27  Marine  
  75  5:31  Marine  
  75  5:33  Marine  
  75  5:35  Supply Depot  
  77  5:37  Supply Depot, SCV x2  
  77  5:41  Marine  
  80  5:49  SCV x2  
  82  5:51  Marine x3  
  82  5:57  Marauder  
  87  6:00  Marine  
  87  6:01  SCV x2  
  90  6:09  Marine x3  
  93  6:11  Supply Depot  
  93  6:12  Supply Depot  
  93  6:13  SCV x2  
  93  6:14  Factory Reactor  
  93  6:17  Marine  
  93  6:18  Barracks, Marine  
  90  6:37  SCV  
  90  6:38  SCV  
  92  6:50  SCV x2  
  94  7:00  Starport, Sensor Tower  
  94  7:02  SCV  
  94  7:03  SCV  
  94  7:05  Armory  
  94  7:06  Supply Depot  
  96  7:09  Orbital Command, Supply Depot  
  96  7:14  SCV, Marine x3  
  96  7:15  SCV  
  101  7:16  Barracks Reactor  
  101  7:21  Marine  
  102  7:23  Barracks  
  102  7:24  Barracks  
  102  7:25  Factory Reactor  
  102  7:26  SCV  
  103  7:32  SCV  
  103  7:35  Marine x3  
  103  7:36  Marine  
  108  7:38  SCV  
  108  7:39  Marine  
  108  7:42  Medivac x2  
  114  7:44  SCV  
  115  7:53  Marine x3  
  115  7:57  SCV  
  115  7:58  SCV x2  
  121  8:10  SCV  
  121  8:12  Medivac x2  
  126  8:14  SCV x2  
  126  8:15  Terran Infantry Weapons Level 2, Terran Infantry Armor Level 2  
  128  8:21  Supply Depot  
  128  8:22  SCV  
  128  8:26  SCV  
  128  8:27  SCV  
  131  8:28  Marine x5  
  131  8:29  Barracks Reactor, Marine x2  
  131  8:32  Widow Mine x2  
  131  8:34  Marauder, SCV  
  145  8:41  Supply Depot  
  145  8:42  Supply Depot  
  145  8:45  Marine  
  145  8:46  Medivac  
  148  8:49  Barracks Reactor  
  148  8:51  Marine x3  
  148  8:52  Marine  
  154  8:55  Marauder  
  154  8:59  Command Center, SCV  
  154  9:00  SCV x2  
  157  9:03  Medivac, Widow Mine  
  161  9:11  SCV  
  161  9:14  Marine x2  
  161  9:15  Marine x4  
  161  9:16  Medivac, Marine  
  141  9:38  Marine  
  141  9:39  Marine x5  
  141  9:40  Marine  
  141  9:44  Marine x4  
  132  9:53  Medivac x2  
  132  9:59  Marine x5  
  140  10:00  Marine x2  
  140  10:02  Marine  
  144  10:11  Widow Mine x2  
  148  10:22  SCV  
  148  10:23  Medivac x2, SCV x2  
  148  10:25  Marine x5  
  148  10:26  Marine x6  
  166  10:40  Widow Mine x2  
  170  10:42  Marine  
  170  10:43  Marine x5  
  170  10:44  Marine  
  170  10:46  Marine x3  
  170  10:47  Marine  
  181  10:53  Medivac  
  183  11:00  Marine x2  
  183  11:01  Marine x3  
  183  11:02  Marine x2  
  183  11:04  Marine  
  181  11:08  Widow Mine x2  
  169  11:14  Marine x2  
  169  11:15  Marine  
  169  11:18  Marine x3  
  165  11:19  Marine x2  
  165  11:20  Marine x2  
  168  11:36  Marine x5  
  168  11:37  Marine  
Tags
 
League
GoldGold
Matchup
TvT
Opening
1/1/1
Race
Terran
Replay Pack
Nickos replay
Add a new tag
Caveats
  • Supply blocks, unpowered buildings, or Contaminate may cause inaccurate times.
  • Supply counts are checked every 10 seconds.